[Event "Early Titled Tuesday Blitz | February 8 2022"]
[White "Rustemov, Alexander"]
[Black "Caruana, Fabiano"]
[WhiteFideId "4119002"]
[BlackFideId "2020009"]
[WhiteElo "2831"]
[BlackElo "2744"]
[Result "0-1"]
[Round "07"]
[TimeControl "180+1"]
[Date "2022.02.08"]
[WhiteClock "0:00:10"]
[BlackClock "0:00:15"]

1. d4 Nf6 2. c4 e6 3. Nf3 Bb4+ 4. Bd2 Qe7 5. g3 Nc6 6. Nc3 d5 7. Bg2 dxc4 8. O-O O-O 9. Qc2 Rb8 10. a3 Bxc3 11. Bxc3 Rd8 12. Rfc1 b5 13. b3 cxb3 14. Qxb3 a5 15. Bb2 Bb7 16. Rc5 Nxd4 17. Bxd4 Bxf3 18. Bxf3 Rxd4 19. Rxb5 Rbd8 20. Rxa5 e5 21. h3 e4 22. Bg2 h5 23. e3 Rd2 24. Rc1 g6 25. Rac5 R8d7 26. a4 Ne8 27. a5 Qf6 28. Qc3 Qxf2+ 0-1


[Site "https://www.chess.com"]

[Event "Early Titled Tuesday Blitz | February 8 2022"]
[White "Rytenko, Vsevolod"]
[Black "Batsiashvili, Nino"]
[WhiteFideId "14133040"]
[BlackFideId "13602993"]
[WhiteElo "2144"]
[BlackElo "2230"]
[Result "0-1"]
[Round "07"]
[TimeControl "180+1"]
[Date "2022.02.08"]
[WhiteClock "0:00:01"]
[BlackClock "0:00:06"]

1. d4 d5 2. Nc3 a6 3. e4 dxe4 4. Nxe4 Nf6 5. Nxf6+ exf6 6. Nf3 Bd6 7. Bd3 O-O 8. O-O Re8 9. h3 Nd7 10. c4 Nf8 11. Be3 c6 12. Qc2 Ng6 13. Qd2 b5 14. b3 Be6 15. Rfd1 Qd7 16. Bf1 Bf5 17. d5 cxd5 18. Qxd5 Rad8 19. Bb6 Be4 20. Qd2 Bxf3 21. Bxd8 Bxd1 22. Ba5 Bh5 23. c5 Re6 24. cxd6 Rxd6 25. Qe3 Ne5 26. a4 Bg6 27. axb5 axb5 28. Bb4 Re6 29. Ra8+ Re8 30. Rxe8+ Qxe8 31. f4 h5 32. fxe5 fxe5 33. Bd6 e4 34. b4 Bf5 35. Bc5 Bd7 36. Qf4 Bc6 37. Bd4 f6 38. Be3 Kh7 39. Bc5 Qg6 40. Be2 Bd7 41. Kh2 Bc6 42. Qf2 Qg5 43. Qg3 Qd5 44. Bf1 Qf5 0-1


[Site "https://www.chess.com"]

[Event "Early Titled Tuesday Blitz | February 8 2022"]
[White "Sadhwani, Raunak"]
[Black "Urazayev, Arystanbek"]
[WhiteFideId "35093487"]
[BlackFideId "13709810"]
[WhiteElo "2616"]
[BlackElo "2321"]
[Result "1/2-1/2"]
[Round "07"]
[TimeControl "180+1"]
[Date "2022.02.08"]
[WhiteClock "0:00:04"]
[BlackClock "0:00:05"]

1. d4 Nf6 2. Nf3 e6 3. Bf4 d5 4. e3 c5 5. Nbd2 Nc6 6. c3 Nh5 7. Bg5 Qb6 8. Rb1 h6 9. Bh4 g5 10. Ne5 Nxe5 11. dxe5 Ng7 12. Bg3 Nf5 13. Bd3 Nxg3 14. hxg3 Bg7 15. e4 Bd7 16. Qe2 O-O-O 17. O-O h5 18. c4 Qc7 19. exd5 exd5 20. cxd5 Qxe5 21. Qxe5 Bxe5 22. Nc4 Bb8 23. b4 b5 24. bxc5 bxc4 25. Bxc4 Bf5 26. Ba6+ Kd7 27. Rb7+ Ke8 28. d6 Kf8 29. Bc4 Rh7 30. Re1 h4 31. Ree7 Bg6 32. g4 Bxd6 33. cxd6 Rxd6 34. Red7 Rxd7 35. Rxd7 f6 36. Rd6 Rc7 37. Bb3 Kg7 38. Ra6 Bf7 39. Bxf7 Kxf7 40. f3 Kg6 41. Kh2 Rb7 42. a4 Rc7 43. a5 Rd7 44. Rc6 Rd5 45. Ra6 Rd7 46. Kg1 Rc7 47. Kf2 Rc2+ 48. Kg1 Rc1+ 49. Kh2 Rc7 50. g3 hxg3+ 51. Kxg3 Rb7 52. Rd6 Rb5 53. a6 Ra5 54. Kf2 Ra3 55. Ke2 Ra2+ 56. Ke3 Ra4 57. Kd3 Ra3+ 58. Ke4 Ra5 59. Rc6 Ra3 60. Rd6 Ra5 61. Kd4 Ra3 62. Ke4 1/2-1/2


[Site "https://www.chess.com"]

[Event "Early Titled Tuesday Blitz | February 8 2022"]
[White "Sahil, Tickoo"]
[Black "Al-Tarboush, Ward"]
[WhiteFideId "5019710"]
[BlackFideId "7601450"]
[WhiteElo "2099"]
[BlackElo "2276"]
[Result "0-1"]
[Round "07"]
[TimeControl "180+1"]
[Date "2022.02.08"]
[WhiteClock "0:00:39"]
[BlackClock "0:02:18"]

1. d4 d5 2. Bf4 Nf6 3. e3 c5 4. c3 Qb6 5. Qb3 c4 6. Qc2 g6 7. b3 Bf5 8. Qb2 Bg7 9. Nd2 O-O 10. Ngf3 Nc6 11. b4 a5 12. a3 axb4 13. axb4 Rfc8 14. Be2 Bd3 15. Bxd3 cxd3 16. O-O Ne4 17. Rfc1 f6 18. Bg3 e5 19. Ne1 Nxd2 20. Qxd2 e4 21. h4 Ne7 22. f3 Qc6 23. Bf2 f5 24. g3 Rxa1 25. Rxa1 Qxc3 0-1


[Site "https://www.chess.com"]

[Event "Early Titled Tuesday Blitz | February 8 2022"]
[White "Saim, Mohamed Ilias"]
[Black "Fawole, John Oyeyemi"]
[WhiteFideId "7900465"]
[BlackFideId "8501319"]
[WhiteElo "2006"]
[BlackElo "2091"]
[Result "0-1"]
[Round "07"]
[TimeControl "180+1"]
[Date "2022.02.08"]
[WhiteClock "0:00:04"]
[BlackClock "0:00:33"]

1. d4 Nf6 2. Nf3 e6 3. e3 d5 4. Bd3 b6 5. b3 Bb7 6. Bb2 Be7 7. Nbd2 O-O 8. Ne5 Nbd7 9. f4 Ne4 10. O-O f5 11. a4 a5 12. Nxd7 Qxd7 13. Nf3 Rf6 14. Ba3 Bd6 15. Ne5 Bxe5 16. dxe5 Rh6 17. Bxe4 fxe4 18. c4 c5 19. g4 d4 20. exd4 cxd4 21. Bd6 d3 22. Qd2 Rh3 23. Kg2 e3+ 24. Kxh3 exd2 25. Rfd1 Qc6 26. Kg3 Qg2+ 27. Kh4 Qxh2+ 28. Kg5 h6+ 29. Kg6 Be4+ 30. f5 Qh4 0-1


[Site "https://www.chess.com"]

[Event "Early Titled Tuesday Blitz | February 8 2022"]
[White "Samaganova, Aleksandra"]
[Black "Berezin, Viktor"]
[WhiteFideId "13800221"]
[BlackFideId "14107872"]
[WhiteElo "1859"]
[BlackElo "2310"]
[Result "0-1"]
[Round "07"]
[TimeControl "180+1"]
[Date "2022.02.08"]
[WhiteClock "0:00:04"]
[BlackClock "0:00:02"]

1. e4 d5 2. exd5 Nf6 3. Nc3 g6 4. g3 Bg7 5. Bg2 O-O 6. Nge2 c6 7. dxc6 Nxc6 8. O-O e5 9. d3 Be6 10. h3 Qd7 11. Kh2 Rad8 12. Bg5 h6 13. Bxf6 Bxf6 14. Ne4 Bg7 15. Nc5 Qe7 16. Nxe6 Qxe6 17. Nc3 Kh7 18. Re1 Qd7 19. Ne4 f5 20. Nc5 Qe7 21. Nb3 h5 22. Qe2 h4 23. Rad1 hxg3+ 24. fxg3 Rfe8 25. c3 Qf7 26. Qf2 a6 27. Rd2 Re7 28. Qb6 Rde8 29. Rf2 Qe6 30. Nc5 Qc8 31. Nxa6 bxa6 32. Qxc6 Rc7 33. Qa4 Rd8 34. Qh4+ Kg8 35. Rfe2 Rxd3 36. Qg5 e4 37. Qxg6 Rc6 38. Qg5 Qe6 39. a3 Rc8 40. Qf4 Kf7 41. Re3 Be5 42. Qf2 Rcd8 43. Bxe4 Rxe3 44. Rxe3 Bf6 45. Bxf5 Qd6 46. Be4 Kg7 47. Bg2 Rf8 48. Rf3 Qe5 49. Rf4 Qe7 50. Rg4+ Kf7 51. Bd5+ Ke8 52. Re4 Be5 53. Qe3 Rf5 54. Bc6+ Kd8 55. Qd3+ Kc7 56. Ba4 Qc5 57. Re2 Rf2+ 58. Kh1 Rf1+ 59. Kg2 Qg1# 0-1


[Site "https://www.chess.com"]

[Event "Early Titled Tuesday Blitz | February 8 2022"]
[White "Samarth, J Rao"]
[Black "Sarkar, Justin"]
[WhiteFideId "46652370"]
[BlackFideId "2010011"]
[WhiteElo "1514"]
[BlackElo "2038"]
[Result "0-1"]
[Round "07"]
[TimeControl "180+1"]
[Date "2022.02.08"]
[WhiteClock "0:00:07"]
[BlackClock "0:00:03"]

1. e4 e5 2. Nf3 Nc6 3. Bc4 Nf6 4. O-O Nxe4 5. d4 d5 6. Bb5 exd4 7. Nxd4 Bd7 8. Bxc6 bxc6 9. Re1 Be7 10. f3 Nd6 11. Qe2 c5 12. Nb3 c4 13. Nc5 Nf5 14. Nc3 O-O 15. Nxd7 Qxd7 16. g4 Bc5+ 17. Kh1 Rae8 18. Qf1 Rxe1 19. Qxe1 Re8 20. Qf1 Nd4 21. Bf4 Nxc2 22. Rd1 c6 23. Qxc4 Re1+ 24. Rxe1 dxc4 25. Rd1 Bd4 26. Be5 c5 27. Ne4 h6 28. Nxc5 Qc6 29. Ne4 Bxe5 30. Rd8+ Kh7 31. Rd2 Ne3 32. g5 hxg5 33. Nxg5+ Kg6 34. Ne4 f5 35. Re2 fxe4 36. Rxe3 exf3 37. Kg1 Bd4 38. Kf2 Qe4 39. Kg3 Qxe3 40. h4 Be5+ 41. Kg4 Qf4+ 42. Kh3 Qg3# 0-1


[Site "https://www.chess.com"]

[Event "Early Titled Tuesday Blitz | February 8 2022"]
[White "Sanal, Vahap"]
[Black "Papasimakopoulos, Alexandros"]
[WhiteFideId "6300545"]
[BlackFideId "4244125"]
[WhiteElo "2603"]
[BlackElo "2340"]
[Result "1/2-1/2"]
[Round "07"]
[TimeControl "180+1"]
[Date "2022.02.08"]
[WhiteClock "0:00:03"]
[BlackClock "0:00:06"]

1. b3 e5 2. Bb2 d6 3. e3 g6 4. d4 Bg7 5. Nf3 e4 6. Nfd2 f5 7. c4 Nf6 8. Nc3 O-O 9. Be2 h5 10. h4 a5 11. g3 c6 12. Qc2 Na6 13. a3 Nc7 14. Bd1 b5 15. Ne2 bxc4 16. bxc4 Ba6 17. Nf4 Kh7 18. Be2 Qd7 19. O-O Ng4 20. Rab1 Rfb8 21. Bc3 d5 22. Bxa5 Ne6 23. Rxb8 Rxb8 24. cxd5 Nxf4 25. Bxa6 Qxd5 26. Bc7 Nh3+ 27. Kg2 Ra8 28. Bc4 Qd7 29. Kxh3 Qxc7 30. a4 Qa7 31. Bb3 Rc8 32. Kg2 c5 33. d5 Bh6 34. Nc4 Rd8 35. d6 Qg7 36. Rd1 g5 37. Rh1 gxh4 38. Rxh4 Kg6 39. Qd2 Bg5 40. Rh3 h4 41. Qd5 hxg3 42. Qe6+ Qf6 43. Qxf6+ Bxf6 44. Rxg3 Bh4 45. Ne5+ Kh5 46. Bf7+ Kg5 47. Bc4 Bxg3 48. Nf7+ Kf6 49. Nxd8 Bxd6 50. a5 Ne5 51. Bd5 c4 52. a6 Bc5 53. Ne6 Bb6 54. Nd4 c3 55. Bb3 Nd3 56. Kf1 Ke5 57. a7 Bxa7 58. Nc6+ Kd6 59. Nxa7 Kc5 60. Nc8 Kb4 61. Bc2 Ka3 62. Nd6 Kb2 63. Bd1 c2 64. Bxc2 Kxc2 65. Nxf5 Nc5 66. Kg2 Kd3 67. Kg3 Ke2 68. Nd4+ Kf1 69. Nc6 Nd3 70. f4 exf3 71. Kxf3 Ke1 72. e4 Kd2 73. Kg3 Ke3 74. e5 Nxe5 1/2-1/2


[Site "https://www.chess.com"]

[Event "Early Titled Tuesday Blitz | February 8 2022"]
[White "Sarana, Alexey"]
[Black "Fier, Alexandr"]
[WhiteFideId "24133795"]
[BlackFideId "2107139"]
[WhiteElo "2665"]
[BlackElo "2569"]
[Result "1-0"]
[Round "07"]
[TimeControl "180+1"]
[Date "2022.02.08"]
[WhiteClock "0:00:14"]
[BlackClock "0:00:08"]

1. d4 Nf6 2. c4 c5 3. d5 e6 4. Nc3 exd5 5. cxd5 d6 6. e4 g6 7. Be2 Bg7 8. Nf3 O-O 9. Be3 Nbd7 10. O-O Ng4 11. Bf4 Nge5 12. Nd2 a6 13. a4 h5 14. h3 h4 15. Bh2 g5 16. f4 gxf4 17. Bxf4 Re8 18. Bg4 Nd3 19. Bxd6 Nf6 20. Bh2 Nxg4 21. hxg4 Qg5 22. Nf3 Qe3+ 23. Kh1 Bxg4 24. Bg1 Nxb2 25. Bxe3 Nxd1 26. Raxd1 Bxc3 27. Rc1 Bg7 28. Nd2 c4 29. Rf4 Be2 30. Nxc4 Rec8 31. Nb6 Rxc1+ 32. Bxc1 Re8 33. d6 Rd8 34. d7 Bd4 35. Nd5 Rxd7 36. Rxh4 Rd6 37. Bf4 Re6 38. Bg5 Kg7 39. Nf4 Rxe4 40. Nh5+ Bxh5 41. Rxe4 Bc5 42. Be3 Bd6 43. a5 Bg6 44. Re8 Bb4 45. Bb6 Kh6 46. Rd8 Bc3 47. Rd7 f6 48. Rxb7 Bd3 49. Be3+ Kh5 50. Rb3 Bxa5 51. Rxd3 1-0


[Site "https://www.chess.com"]

[Event "Early Titled Tuesday Blitz | February 8 2022"]
[White "Schut, Han"]
[Black "Tuleyeva-Aketayeva, Dana"]
[WhiteFideId "1005561"]
[BlackFideId "13701932"]
[WhiteElo "2057"]
[BlackElo "1944"]
[Result "1-0"]
[Round "07"]
[TimeControl "180+1"]
[Date "2022.02.08"]
[WhiteClock "0:00:17"]
[BlackClock "0:00:01"]

1. e4 c5 2. Nf3 Nc6 3. d4 cxd4 4. Nxd4 g6 5. c4 Bg7 6. Be3 d6 7. Be2 Nf6 8. Nc3 O-O 9. Rc1 Bd7 10. Qd2 Rc8 11. f3 a5 12. b3 Re8 13. O-O Nxd4 14. Bxd4 Bc6 15. Rc2 e6 16. Rd1 d5 17. cxd5 exd5 18. Bxf6 Bxf6 19. exd5 Bd7 20. Ne4 Qb6+ 21. Kh1 Be5 22. Rxc8 Rxc8 23. Bc4 Kg7 24. f4 Bf6 25. Nxf6 Qxf6 26. a4 Re8 27. g3 Bg4 28. Re1 Bf3+ 29. Kg1 Rxe1+ 30. Qxe1 Qd4+ 31. Qf2 Qd1+ 32. Qf1 Qd4+ 33. Qf2 Qd1+ 34. Bf1 Qxd5 35. Qb2+ Kg8 36. Qc3 Be4 37. Kf2 b6 38. Bc4 Qc5+ 39. Qe3 1-0


[Site "https://www.chess.com"]

[Event "Early Titled Tuesday Blitz | February 8 2022"]
[White "Seo, Jung Min"]
[Black "Maevsky, Nikolay"]
[WhiteFideId "1734687"]
[BlackFideId "4198220"]
[WhiteElo "2401"]
[BlackElo "2104"]
[Result "1-0"]
[Round "07"]
[TimeControl "180+1"]
[Date "2022.02.08"]
[WhiteClock "0:00:09"]
[BlackClock "0:00:11"]

1. d4 d5 2. c4 Nc6 3. Nf3 Bg4 4. cxd5 Bxf3 5. dxc6 Bxc6 6. Nc3 e6 7. e4 Bb4 8. f3 Qh4+ 9. g3 Qe7 10. Be3 f5 11. Qc2 Nf6 12. Bg2 O-O-O 13. O-O-O Bxc3 14. bxc3 Qa3+ 15. Qb2 Qa5 16. e5 Nd5 17. Bd2 Qa4 18. Qb3 Rhe8 19. f4 Nb6 20. Qxa4 Bxa4 21. Rde1 Bb5 22. Kc2 Bc4 23. Bf1 Bxa2 24. Ra1 Bd5 25. Rg1 a6 26. g4 g6 27. gxf5 exf5 28. Bd3 Bc4 29. Bxc4 Nxc4 30. Ra4 Nb6 31. Ra5 Re6 32. Kd3 Rc6 33. Rb1 Nc4 34. Ra4 b5 35. Ra2 Rd5 36. h4 Rb6 37. Rh1 c5 38. Be3 cxd4 39. Bxd4 Re6 40. h5 Rd7 41. hxg6 hxg6 42. Rg2 Na5 43. Rh8+ Kb7 44. Rg8 Nc6 45. R8xg6 Ree7 46. Ke3 b4 47. Bc5 Rh7 48. cxb4 Rh3+ 49. R6g3 Rh1 50. Rg7 Rh3+ 51. Kf2 Rh7 52. Rxh7 Rxh7 53. Rg5 Rf7 54. Ke2 Nd8 55. Rg6 Rc7 56. Rf6 a5 57. Rxf5 axb4 58. Bxb4 Nc6 59. Bc5 Rd7 60. Rf6 Rd5 61. Bd6 Kc8 62. Rf7 Kd8 63. Ke3 Rb5 64. Ke4 Rb1 65. Rc7 Na5 66. f5 Re1+ 67. Kf3 Nb3 68. f6 Nd4+ 69. Kf2 Re4 70. f7 Rf4+ 71. Ke3 Ne6 72. Ra7 Rf5 73. Re7 Nf8 74. Re8+ Kd7 75. Rxf8 Ke6 76. Re8+ Kxf7 77. Rf8+ Ke6 78. Rxf5 Kxf5 79. Kd4 Ke6 80. Ke4 Kd7 81. Kd5 Kd8 82. e6 Ke8 83. Kc6 Kd8 84. e7+ Ke8 85. Kc7 Kf7 86. Kd7 Kg7 87. e8=Q Kh7 88. Qf7+ Kh8 89. Be5# 1-0


[Site "https://www.chess.com"]

[Event "Early Titled Tuesday Blitz | February 8 2022"]
[White "Sharapov, Evgeny"]
[Black "Terletsky, Oleg"]
[WhiteFideId "14103133"]
[BlackFideId "14116774"]
[WhiteElo "2367"]
[BlackElo "2050"]
[Result "1-0"]
[Round "07"]
[TimeControl "180+1"]
[Date "2022.02.08"]
[WhiteClock "0:00:19"]
[BlackClock "0:00:04"]

1. e4 e5 2. Nf3 Nc6 3. Bb5 a6 4. Ba4 Nf6 5. O-O Be7 6. Re1 b5 7. Bb3 d6 8. c3 O-O 9. a4 Bb7 10. d3 Na5 11. Bc2 c5 12. Nbd2 Nc6 13. Nf1 Re8 14. Ng3 Bf8 15. d4 cxd4 16. cxd4 Nb4 17. Bb1 exd4 18. Nxd4 bxa4 19. Rxa4 a5 20. Bd2 d5 21. e5 Ne4 22. Nxe4 dxe4 23. Bc3 Rxe5 24. Qe2 Ba6 25. Qd2 Qd7 26. Ra1 Rae8 27. Nb3 Rd5 28. Qc1 Nd3 29. Bxd3 exd3 30. Rxe8 Qxe8 31. Rxa5 Rxa5 32. Nxa5 Qe2 33. Qd2 Qe4 34. Qe3 Qa4 35. h3 h6 36. Kh2 Bd6+ 37. g3 Qd1 38. Qe8+ Kh7 39. Qe4+ Kg8 40. Qe8+ Kh7 41. Qxf7 1-0


[Site "https://www.chess.com"]

[Event "Early Titled Tuesday Blitz | February 8 2022"]
[White "Sharavdorj, Dashzegve"]
[Black "Maksimenko, Viktor"]
[WhiteFideId "4900340"]
[BlackFideId "13710478"]
[WhiteElo "2366"]
[BlackElo "2269"]
[Result "1-0"]
[Round "07"]
[TimeControl "180+1"]
[Date "2022.02.08"]
[WhiteClock "0:01:25"]
[BlackClock "0:00:08"]

1. d4 Nf6 2. c4 e6 3. Nf3 b6 4. a3 Bb7 5. Nc3 d5 6. cxd5 Nxd5 7. Qc2 Nd7 8. e4 Nxc3 9. bxc3 c5 10. Bf4 cxd4 11. cxd4 Rc8 12. Qb3 Be7 13. Bd3 O-O 14. O-O Nf6 15. Rfe1 Nh5 16. Bd2 Bd6 17. a4 Nf4 18. Bf1 Bb8 19. a5 g5 20. axb6 axb6 21. Bb4 Re8 22. Bb5 g4 23. Ne5 Qxd4 24. Nxg4 Red8 25. Be7 Qg7 26. h3 Rd2 27. Bf6 Qg6 28. Rad1 Rxd1 29. Rxd1 h5 30. Bd7 hxg4 31. Bxc8 gxh3 32. Rd8+ 1-0


[Site "https://www.chess.com"]

[Event "Early Titled Tuesday Blitz | February 8 2022"]
[White "Shevchenko, Kirill"]
[Black "Srihari L R"]
[WhiteFideId "14129574"]
[BlackFideId "46617116"]
[WhiteElo "2624"]
[BlackElo "2121"]
[Result "1-0"]
[Round "07"]
[TimeControl "180+1"]
[Date "2022.02.08"]
[WhiteClock "0:00:17"]
[BlackClock "0:00:02"]

1. g3 d5 2. Bg2 Nf6 3. d3 c5 4. Nf3 Nc6 5. O-O e5 6. e4 dxe4 7. dxe4 Qxd1 8. Rxd1 Bg4 9. Na3 Nd4 10. Rd3 Bxf3 11. Bxf3 O-O-O 12. Bg5 Be7 13. Bxf6 Bxf6 14. Bg4+ Kc7 15. c3 Nc6 16. Nb5+ Kb6 17. Nd6 Be7 18. Nc4+ Kc7 19. Rd5 h5 20. Bh3 h4 21. Kg2 hxg3 22. hxg3 Rxd5 23. exd5 Nd8 24. Nxe5 Bd6 25. Nc4 Re8 26. Kf3 f6 27. Rd1 Nf7 28. Be6 Ng5+ 29. Kg4 Rh8 30. Kf5 Rh6 31. f4 Nh7 32. Bf7 Nf8 33. Re1 Rh3 34. Re8 Nd7 35. Be6 Rxg3 36. Rg8 g6+ 37. Rxg6 Rxg6 38. Kxg6 Bxf4 39. Bxd7 Kxd7 40. Kf5 Bc1 41. a4 b6 42. Kxf6 Kc7 43. Ke6 a6 44. d6+ Kd8 45. Ne5 b5 46. Nc6+ Kc8 47. d7+ 1-0


[Site "https://www.chess.com"]

[Event "Early Titled Tuesday Blitz | February 8 2022"]
[White "Shimanov, Aleksandr"]
[Black "Dronavalli, Harika"]
[WhiteFideId "4198603"]
[BlackFideId "5015197"]
[WhiteElo "2636"]
[BlackElo "2382"]
[Result "0-1"]
[Round "07"]
[TimeControl "180+1"]
[Date "2022.02.08"]
[WhiteClock "0:00:02"]
[BlackClock "0:00:32"]

1. b3 Nf6 2. Bb2 g6 3. Nf3 Bg7 4. g3 b6 5. Bg2 Bb7 6. d4 O-O 7. O-O c5 8. dxc5 bxc5 9. c4 d6 10. Nc3 a6 11. Qd2 Nc6 12. Rad1 Rb8 13. Ne1 Nd4 14. Bxb7 Rxb7 15. e3 Nc6 16. Nd3 Qa8 17. Qe2 Nd7 18. Nd5 e6 19. Bxg7 Kxg7 20. Qb2+ Kg8 21. Nf6+ Nxf6 22. Qxf6 Qd8 23. Qc3 Qe7 24. Rd2 a5 25. Rfd1 Rd8 26. Nb2 Ne5 27. Kg2 Rbb8 28. f3 Qb7 29. Rf1 h5 30. Nd3 Nxd3 31. Rxd3 Qc7 32. Rfd1 Ra8 33. Qd2 Ra6 34. a4 Rb8 35. e4 e5 36. Rxd6 Rxd6 37. Qxd6 Qxd6 38. Rxd6 Rxb3 39. Rd5 Rb4 40. Rxc5 Rxa4 41. Rxe5 Rxc4 42. Rxa5 Rc2+ 43. Kh3 Kg7 44. f4 Re2 45. e5 Kf8 46. Ra1 Ke7 47. Rg1 Ke6 48. Rg2 Re4 49. Rd2 Ke7 50. Kh4 Kf8 51. Kg5 Kg7 52. Rd3 Re2 53. h3 Re1 54. g4 hxg4 55. hxg4 Re4 56. Rd7 Re1 57. Rd6 Re2 58. Rc6 Re1 59. Rb6 Re2 60. Ra6 Re1 61. Ra5 Re4 62. f5 gxf5 63. gxf5 Re1 64. f6+ Kh7 65. Ra4 Rxe5+ 66. Kf4 Rh5 67. Ra6 Kg6 68. Kg4 Rf5 69. Ra8 Rxf6 70. Rg8+ Kh7 71. Ra8 Kg7 72. Ra7 Rf1 73. Ra3 Kg6 74. Kg3 Kg5 75. Kg2 Rb1 76. Rc3 f5 77. Rd3 Rb2+ 78. Kg1 Kg4 79. Rc3 f4 80. Ra3 Re2 81. Rb3 Re3 82. Rxe3 fxe3 83. Kg2 Kf4 84. Kf1 Kf3 85. Ke1 e2 0-1


[Site "https://www.chess.com"]

[Event "Early Titled Tuesday Blitz | February 8 2022"]
[White "Shimelkov, Vasiliy"]
[Black "Moiseenko, Alexander"]
[WhiteFideId "13701630"]
[BlackFideId "14102560"]
[WhiteElo "2073"]
[BlackElo "2577"]
[Result "1-0"]
[Round "07"]
[TimeControl "180+1"]
[Date "2022.02.08"]
[WhiteClock "0:00:13"]
[BlackClock "0:00:02"]

1. d4 Nf6 2. c4 c5 3. d5 b5 4. cxb5 a6 5. bxa6 g6 6. Nf3 Bxa6 7. Nc3 Bg7 8. g3 d6 9. Bg2 Nbd7 10. h3 Nb6 11. O-O Bc4 12. Nd2 Ba6 13. Re1 O-O 14. e4 Nfd7 15. Rb1 Ne5 16. Bf1 Bd3 17. Bxd3 Nxd3 18. Re3 Ne5 19. Qe2 Qc8 20. Kg2 f5 21. f4 Nf7 22. e5 dxe5 23. fxe5 Rd8 24. Nc4 Nxc4 25. Qxc4 Nxe5 26. Qf4 Qb8 27. Bd2 c4 28. b3 cxb3 29. Rxb3 Qd6 30. Rb5 Rac8 31. Re2 Nc4 32. Qxd6 Nxd6 33. Rb3 Bxc3 34. Bxc3 Ne4 35. Be1 Rxd5 36. Rb7 Kf7 37. a4 Rdc5 38. a5 Rc2 39. Kf1 Rxe2 40. Kxe2 Rc2+ 41. Kd3 Ra2 42. Bb4 Rxa5 43. Rxe7+ Kf6 44. Rxh7 Rb5 45. Kc4 Rb8 46. Ra7 Re8 47. g4 fxg4 48. hxg4 Kg5 49. Ra6 Nf6 50. Bd2+ Kxg4 51. Rxf6 g5 52. Rg6 Re5 53. Kd4 Rb5 54. Ke3 1-0


[Site "https://www.chess.com"]

[Event "Early Titled Tuesday Blitz | February 8 2022"]
[White "Shubenkova, Veronika"]
[Black "Stefanov, Plamen"]
[WhiteFideId "44124040"]
[BlackFideId "2900980"]
[WhiteElo "1938"]
[BlackElo "2137"]
[Result "1-0"]
[Round "07"]
[TimeControl "180+1"]
[Date "2022.02.08"]
[WhiteClock "0:01:02"]
[BlackClock "0:00:45"]

1. e4 d5 2. exd5 Nf6 3. Nf3 Nxd5 4. Be2 Bg4 5. d3 e6 6. O-O Be7 7. Nc3 O-O 8. Nxd5 exd5 9. Bf4 c5 10. c3 Nc6 11. d4 cxd4 12. Nxd4 Bxe2 13. Nxe2 Qb6 14. Qd2 Rad8 15. Rad1 Rfe8 16. Rfe1 Bf6 17. Ng3 g6 18. Rxe8+ Rxe8 19. Be3 Qb5 20. Ne2 Rd8 21. a3 Na5 22. Nd4 Qa6 23. Bh6 Nc4 24. Qe2 Qb6 25. b4 Nxa3 26. Re1 Bg7 27. Qe8+ Bf8 28. Bxf8 Rxe8 29. Rxe8 h5 30. Bc5+ Kh7 31. Bxb6 axb6 32. Re7 Kg7 33. Rxb7 Nb1 34. Nb5 Nd2 35. Rxb6 Ne4 36. f3 Nxc3 37. Nxc3 d4 38. Ne4 d3 39. Nd2 1-0


[Site "https://www.chess.com"]

[Event "Early Titled Tuesday Blitz | February 8 2022"]
[White "Shuvalova, Polina"]
[Black "Nesterov, Arseniy"]
[WhiteFideId "24171760"]
[BlackFideId "24198455"]
[WhiteElo "2355"]
[BlackElo "2489"]
[Result "0-1"]
[Round "07"]
[TimeControl "180+1"]
[Date "2022.02.08"]
[WhiteClock "0:00:07"]
[BlackClock "0:00:08"]

1. e4 e5 2. Nf3 Nc6 3. Bb5 a6 4. Ba4 b5 5. Bb3 Na5 6. O-O d6 7. d4 exd4 8. Qxd4 Bb7 9. Qe3 Be7 10. Nc3 Nf6 11. Bd2 Nxb3 12. axb3 O-O 13. Rad1 b4 14. Nd5 Nxd5 15. exd5 a5 16. c4 Bf6 17. Bc1 Bc8 18. Qd3 Bg4 19. Rfe1 Qd7 20. h3 Bf5 21. Qd2 Rfe8 22. Rxe8+ Rxe8 23. Re1 h6 24. Re3 Rxe3 25. Qxe3 a4 26. bxa4 Qxa4 27. b3 Qa1 28. Kh2 Kh7 29. Bd2 Bc3 30. Qf4 Bg6 31. h4 Qb1 32. g4 f6 33. h5 Be4 34. Nh4 Qh1+ 35. Kg3 Be5 36. f3 Bxf4+ 37. Bxf4 Bc2 0-1


[Site "https://www.chess.com"]

[Event "Early Titled Tuesday Blitz | February 8 2022"]
[White "Shyaamnikhil P"]
[Black "Sychev, Klementy"]
[WhiteFideId "5024218"]
[BlackFideId "4114060"]
[WhiteElo "2292"]
[BlackElo "2564"]
[Result "0-1"]
[Round "07"]
[TimeControl "180+1"]
[Date "2022.02.08"]
[WhiteClock "0:00:42"]
[BlackClock "0:01:27"]

1. d4 g6 2. Nf3 Bg7 3. g3 d6 4. Bg2 f5 5. c4 Nf6 6. Nc3 O-O 7. O-O Nc6 8. d5 Ne5 9. Nxe5 dxe5 10. e4 f4 11. gxf4 exf4 12. e5 Ng4 13. e6 Ne5 14. Be4 Nxc4 15. Qe2 Ne5 16. Kh1 c6 17. Rg1 Qb6 18. Rg5 a5 19. dxc6 bxc6 20. Rxe5 Bxe5 21. Bxg6 hxg6 22. Qxe5 Qxf2 23. Bd2 Qxd2 24. Rg1 Qd3 0-1


[Site "https://www.chess.com"]

[Event "Early Titled Tuesday Blitz | February 8 2022"]
[White "Silva, Kevin Ranidu"]
[Black "Alves Campelo, Danilo Cesar De L"]
[WhiteFideId "9935258"]
[BlackFideId "2123657"]
[WhiteElo "1626"]
[BlackElo "1994"]
[Result "1-0"]
[Round "07"]
[TimeControl "180+1"]
[Date "2022.02.08"]
[WhiteClock "0:00:07"]
[BlackClock "0:00:13"]

1. d4 Nf6 2. Nf3 e6 3. Bg5 c5 4. c3 Nc6 5. e3 Be7 6. Bd3 b6 7. Qc2 h6 8. Bh4 Bb7 9. Nbd2 O-O 10. a3 cxd4 11. exd4 Rc8 12. O-O Ng4 13. Bg3 d6 14. d5 Nce5 15. dxe6 fxe6 16. Nxe5 Nxe5 17. Bxe5 dxe5 18. Rad1 Qe8 19. Bg6 Qc6 20. Be4 Qc7 21. Bxb7 Qxb7 22. Nf3 Rxf3 23. gxf3 Qxf3 24. Qg6 Qf5 25. Qg2 Rc4 26. h3 Rh4 27. Rd7 Bg5 28. Qa8+ Kh7 29. Qb7 Bf6 30. Qg2 Rxh3 31. Re1 Rh5 32. Re3 Rg5 33. Rg3 e4 34. Rxg5 Bxg5 35. Rd4 Qf3 36. Rxe4 Qxg2+ 37. Kxg2 Bc1 38. Re2 Kg6 39. Rxe6+ Kf5 40. Re2 g5 41. a4 a6 42. b4 h5 43. b5 axb5 44. axb5 Ba3 45. c4 Bc5 46. Rd2 h4 47. Rd5+ Kg4 48. Rxc5 bxc5 49. b6 h3+ 50. Kg1 Kf3 51. b7 h2+ 52. Kxh2 Kxf2 53. b8=Q Ke3 54. Qe5+ Kd3 55. Qxc5 1-0


[Site "https://www.chess.com"]

[Event "Early Titled Tuesday Blitz | February 8 2022"]
[White "Sliwicki, Damian"]
[Black "Komiagina, Maria"]
[WhiteFideId "1127128"]
[BlackFideId "4153987"]
[WhiteElo "2084"]
[BlackElo "1945"]
[Result "1-0"]
[Round "07"]
[TimeControl "180+1"]
[Date "2022.02.08"]
[WhiteClock "0:01:25"]
[BlackClock "0:00:51"]

1. e4 c5 2. Nf3 d6 3. d4 cxd4 4. Qxd4 a6 5. c4 h6 6. Nc3 Nc6 7. Qe3 e6 8. Be2 Be7 9. O-O Nf6 10. Rb1 O-O 11. b3 Qc7 12. Bb2 Rb8 13. h3 Rd8 14. Rbc1 Qa5 15. Rfd1 Nd7 16. Nd4 Nxd4 17. Qxd4 Ne5 18. f4 Nc6 19. Qe3 Bf6 20. Kh1 b5 21. cxb5 axb5 22. Qg3 b4 23. e5 dxe5 24. Ne4 Be7 25. Rxc6 Rxd1+ 26. Bxd1 Bb7 27. Bxe5 Rd8 28. Qxg7# 1-0


[Site "https://www.chess.com"]

[Event "Early Titled Tuesday Blitz | February 8 2022"]
[White "Sokolovsky, Yahli"]
[Black "Todorovic, Bojan"]
[WhiteFideId "2820242"]
[BlackFideId "917087"]
[WhiteElo "1770"]
[BlackElo "2266"]
[Result "0-1"]
[Round "07"]
[TimeControl "180+1"]
[Date "2022.02.08"]
[WhiteClock "0:00:07"]
[BlackClock "0:00:29"]

1. b3 c5 2. Bb2 Nc6 3. e3 a6 4. Nf3 d5 5. d4 e6 6. a3 Nf6 7. Bd3 cxd4 8. exd4 Bd6 9. O-O O-O 10. Ne5 Bd7 11. Nd2 b5 12. Ndf3 Be8 13. Nxc6 Bxc6 14. Ne5 Be8 15. Qe2 Nd7 16. f4 f5 17. Nf3 Bf7 18. Ng5 Re8 19. g4 Nf6 20. gxf5 exf5 21. Qg2 Ne4 22. Nf3 Bxf4 23. Ne5 Be3+ 24. Kh1 f4 25. Rae1 Nd2 26. Bxh7+ Kxh7 27. Nxf7 Qh4 28. Ng5+ Kh8 29. Nf3 Nxf3 30. Rxf3 Kg8 31. Rh3 Qxe1+ 0-1


[Site "https://www.chess.com"]